 Dungeon Crawl Stone Soup version 0.28-a0-1518-gbe868bca14 (webtiles) character file.

Game seed: 7894095969345644890

51 issech the Vexing (level 3, -2/19 (20) HPs)
             Began as a Deep Elf Arcane Marksman on Jan 16, 2022.
             Slain by a goblin (3 damage)
             ... on level 2 of the Dungeon.
             The game lasted 00:08:53 (1655 turns).

issech the Vexing (Deep Elf Arcane Marksman)        Turns: 1655, Time: 00:08:53

HP:   -2/19 (20)    AC: 10    Str:  7    XL:     3   Next: 57%
MP:   7/7           EV: -1    Int: 17    God:
Gold: 26            SH:  0    Dex: 17    Spells: 4/5 levels left

rFire   . . .      SeeInvis .   n - +0 long sword
rCold   . . .      Faith    .   (no shield)
rNeg    . . .      Spirit   .   m - +0 plate armour
rPois   .          Reflect  .   (no helmet)
rElec   .          Harm     .   (no cloak)
rCorr   .          Rampage  .   (no gloves)
Will    .....                   (no boots)
Stlth   ..........              (no amulet)
HPRegen 0.06/turn               (no ring)
MPRegen 0.10/turn               (no ring)

@: drained
A: no striking features
a: no special abilities


You were on level 2 of the Dungeon.
You visited 1 branch of the dungeon, and saw 2 of its levels.

You collected 26 gold pieces.

Inventory:

Hand Weapons
 a - a +0 shortbow
 b - a +3 whip
 e - a +0 club
 i - a +0 hand axe
 l - a +0 dagger
 n - a +0 long sword (weapon)
Missiles
 f - 38 stones
 o - 21 sling bullets
Armour
 d - a +0 robe
 g - a +0 robe
 h - a +0 ring mail
 m - a +0 plate armour (worn)
 p - a +0 ring mail
Potions
 j - a potion of heal wounds {unknown}
 k - a potion of berserk rage {unknown}


   Skills:
 + Level 0.9 Fighting
 + Level 4.2 Bows
 + Level 0.2 Armour
 + Level 2.5 Dodging
 + Level 0.1 Stealth
 + Level 1.5 Spellcasting
 + Level 4.8 Hexes


You had 4 spell levels left.
You knew the following spells:

 Your Spells              Type           Power      Damage    Failure   Level
a - Slow                  Hex            68%        N/A       100%        1

Your spell library contained the following spells:

 Spells                   Type           Power      Damage    Failure   Level
 Inner Flame              Hex/Fire       9%         N/A       100%        3
 Portal Projectile        Hex/Tloc       18%        N/A       100%        3
 Cause Fear               Hex            8%         N/A       100%        4


Dungeon Overview and Level Annotations

Branches:
Dungeon (2/15)

Altars:


Message History

You start resting.
A bat comes into view.
Things that are here:
a +0 club; a gnoll corpse
Things that are here:
2 arrows; a hobgoblin corpse You hit the bat.
The bat is moderately wounded.
The bat hits you but does no damage. x2
You barely miss the bat. You punch the bat, but do no damage.
The bat is moderately wounded.
The bat hits you but does no damage. x2
The bat hits you but does no damage.
You see here an arrow.
A bat is nearby!
The bat hits you but does no damage.
You miss the bat.
The bat is moderately wounded.
The bat hits you but does no damage.
A goblin comes into view. It is wielding a +0 dagger of draining.
The bat hits you.
* * * LOW HITPOINT WARNING * * *
You see here an arrow.
The bat completely misses you.
Things that are here:
2 arrows; a hobgoblin corpse You barely miss the bat.
The bat is moderately wounded.
The bat hits you.
* * * LOW HITPOINT WARNING * * *
The bat hits you but does no damage.
You closely miss the bat.
The bat is moderately wounded.
The bat hits you but does no damage. x2
You hit the goblin.
The goblin is heavily wounded.
The bat hits you but does no damage. The goblin hits you but does no damage.
You feel drained. The bat hits you but does no damage.
The goblin hits you with a +0 dagger of draining.
You die...

(.. .... .....
.....
......#####
.........b#
.......g@(# ##
.(.....)).# ...
..........##....
................
..........#.....
.......<..##....
................
..........#.....
..###.....#.....


You could see a goblin and a bat.

Vanquished Creatures
  3 gnolls (D:2)
  A dart slug (D:1)
  An endoplasm (D:1)
  A goblin (D:1)
  2 hobgoblins
  3 jackals (D:1)
  2 ball pythons (D:1)
  A bat (D:1)
  3 frilled lizards (D:1)
  2 kobolds (D:1)
  A rat (D:2)
20 creatures vanquished.

Notes
Turn   | Place    | Note
-------+----------+-------------------------------------------
     0 | D:1      | issech the Deep Elf Arcane Marksman began the quest for the
                  | Orb.
     0 | D:1      | Reached XP level 1. HP: 11/11 MP: 5/5
    90 | D:1      | Reached XP level 2. HP: 4/16 MP: 6/6
  1626 | D:2      | Reached XP level 3. HP: 18/20 MP: 7/7
  1653 | D:2      | HP: 1/20 [bat (1)]
  1655 | D:2      | Slain by a goblin

Illustrated notes

Levels and vault maps discovered:
D:1:      saegor_arrival_simple_d, layout_loops_corners
D:2:      layout_rooms, basic_altar, serial_bayou_pond_d

Skill      XL: |  1  2  3 |
---------------+----------+-----
Bows           | 3 4 |  4.2
Fighting       | |  0.9
Armour         | |  0.2
Dodging        | |  2.5
Stealth        | |  0.1
Spellcasting   | |  1.5
Hexes          | |  4.8

Action                   || total
-------------------------++-------
Melee: Long sword        ||     8
       Punch             ||     1
 Fire: Shortbow          ||    55
  Use: Scroll            ||     1
Armor: Robe              ||     1
       Plate armour      ||    27
Dodge: Dodged            ||     8

Table legend: (Time is in decaauts)
 A = Elapsed time spent in this place.
 B = Non-inter-level travel time spent in this place.
 C = Inter-level travel time spent in this place.
 D = Time resting spent in this place.
 E = Time spent auto-exploring this place.
 F = Levels seen in this place.
 G = Mean time per level.
                   A        B        C        D        E       F      G
               +--------+--------+--------+--------+--------+-----+--------+
         Total |   1666 |   1666 |      0 |    242 |    582 |   2 |  833.0 |
       Dungeon |   1666 |   1666 |      0 |    242 |    582 |   2 |  833.0 |
               +--------+--------+--------+--------+--------+-----+--------+

Top non-repeatable levels by time:
     D:1: 1619 daAuts
     D:2: 47 daAuts
